 Dungeon Crawl Stone Soup version 0.18-a0-455-gc7d4c65 (webtiles) character file.

427 M4edhros the Sneak (level 6, -5/38 HPs)
             Began as an Octopode Artificer on Dec 2, 2015.
             Slain by a centaur (10 damage)
             ... on level 5 of the Dungeon.
             The game lasted 00:10:03 (3956 turns).

M4edhros the Sneak (Octopode Artificer)             Turns: 3956, Time: 00:10:03

Health: -5/38      AC:  1    Str: 10      XL:     6   Next: 97%
Magic:  9/9        EV: 13    Int: 14 (16) God:
Gold:   80         SH:  0    Dex: 13      Spells: 0 memorised, 5 levels left

rFire  . . .     SeeInvis .     r - +0 spear
rCold  . . .     Clarity  .     (no shield)
rNeg   . . .     SustAt   .     (helmet restricted)
rPois  .         Gourm    .     (no amulet)
rElec  .         Spirit   .     (no ring)
rCorr  .         Dsmss    .     (no ring)
rMut   .         Stasis   .     (no ring)
MR     .....                    (no ring)
Stlth  ++++......               (no ring)
                                (no ring)
                                (no ring)
                                (no ring)

@: not resistant to hostile enchantments, stealthy
A: almost no armour, amphibious, 8 rings, constrict 8, camouflage 1, gelatinous
body 1
a: no special abilities


You were on level 5 of the Dungeon.
You were not hungry.

You visited 1 branch of the dungeon, and saw 5 of its levels.

You collected 135 gold pieces.
You spent 55 gold pieces at shops.

Inventory:

Hand Weapons
 i - a +0 hunting sling
 q - a +0 rapier
 r - a +0 spear (weapon)
Missiles
 k - 11 sling bullets
 l - 105 stones (quivered)
Wands
 b - a wand of flame (6)
 c - a wand of enslavement (9)
 d - a wand of random effects (9)
 t - a wand of frost (24)
Scrolls
 h - a scroll of amnesia
 m - 2 scrolls of fog
 n - a scroll of enchant weapon
 o - a scroll of teleportation
 p - a scroll of remove curse
 u - 2 scrolls of fear
Potions
 f - a potion of magic {unknown}
 j - a potion of cancellation
 w - a potion of flight
Comestibles
 a - a beef jerky
 e - 4 bread rations
 v - 4 meat rations


   Skills:
 - Level 1.0 Fighting
 - Level 1.0 Short Blades
 + Level 2.6 Slings
 + Level 4.0 Dodging
 + Level 5.3 Stealth
 + Level 5.0 Evocations


You had 5 spell levels left.
You didn't know any spells.

Dungeon Overview and Level Annotations

Branches:
Dungeon (5/15)
 Temple: D:4-7

Altars:
Cheibriados
Nemelex Xobeh
Yredelemnul

Shops:
D:4 [   D:5 !(


Innate Abilities, Weirdness & Mutations

You cannot wear most types of armour.
You are amphibious.
You can wear up to eight rings at the same time.
You can use your tentacles to constrict eight enemies at once.
Your skin changes colour to match your surroundings (Stealth).
Your rubbery body absorbs attacks (AC +1).


Message History

Drink which item? (? for menu, Esc to quit)
You feel much better. Something hits you.
Evoke which item? (* to show all) (? for menu, Esc to quit)
Zapping:
c - a wand of enslavement (12)
Press: ? - help, Shift-Dir - straight line, f - you Nothing appears to happen.
This wand has 11 charges left.
Something hits you! Something hits you.
* * * LOW HITPOINT WARNING * * *
Evoke which item? (* to show all) (? for menu, Esc to quit)
Zapping:
c - a wand of enslavement (11)
Press: ? - help, Shift-Dir - straight line, f - you Nothing appears to happen.
This wand has 10 charges left.
Something hits you.
* * * LOW HITPOINT WARNING * * *
Evoke which item? (* to show all) (? for menu, Esc to quit)
Zapping:
c - a wand of enslavement (10)
Press: ? - help, Shift-Dir - straight line, f - you Nothing appears to happen.
This wand has 9 charges left.
Something hits you.
* * * LOW HITPOINT WARNING * * *
Something hits you!
You die...

# #..# #..# #..# #.
#..# #. #..# #. #)....#
#.####### # #.#..##
#.......#.#
#....######..##.....###
................@{....+
#....######..##....####
#.....# #..##.#.##
####..# ##.......# #..#
#..###.### #..# ##.##
#..# #..# #..# ##.#
#..###.## . ####..##..#


There were no monsters in sight!

Vanquished Creatures
  An ogre (D:4)
  A scorpion (D:4)
  2 orc priests
  A jelly (D:5)
  4 worker ants
  5 adders
  2 gnolls (D:4)
  An ooze (D:1)
  A worm (D:3)
  4 giant geckos (D:1)
  9 orcs
  5 giant cockroaches
  3 goblins
  4 hobgoblins
  8 jackals
  A ball python (D:3)
  2 bats (D:1)
  A giant gecko skeleton (D:4)
  A giant newt (D:3)
  A jackal skeleton (D:4)
  8 kobolds
  5 rats
70 creatures vanquished.

Vanquished Creatures (collateral kills)
  A gnoll (D:4)
  A goblin (D:2)
2 creatures vanquished.

Vanquished Creatures (others)
  A gnoll (D:4)
1 creature vanquished.

Grand Total: 73 creatures vanquished

Notes
Turn   | Place    | Note
--------------------------------------------------------------
     0 | D:1      | M4edhros the Octopode Artificer began the quest for the Orb.
     0 | D:1      | Reached XP level 1. HP: 13/13 MP: 3/3
   157 | D:1      | Reached XP level 2. HP: 18/18 MP: 4/4
   683 | D:1      | Reached XP level 3. HP: 23/23 MP: 5/5
   712 | D:2      | Reached skill level 4 in Evocations
  1267 | D:3      | Reached XP level 4. HP: 14/28 MP: 7/7
  1322 | D:3      | Reached skill level 1 in Slings
  1881 | D:3      | Found a snail-covered altar of Cheibriados.
  1881 | D:3      | Found a basalt altar of Yredelemnul.
  2138 | D:4      | Noticed an ogre
  2141 | D:4      | Reached XP level 5. HP: 28/33 MP: 8/8
  2157 | D:4      | Killed an ogre
  2405 | D:4      | Reached XP level 6. HP: 25/38 MP: 9/9
  2716 | D:4      | Found Tadaziemm's Antique Armour Shoppe.
  3227 | D:4      | Reached skill level 5 in Stealth
  3291 | D:4      | Found a sparkling altar of Nemelex Xobeh.
  3313 | D:5      | Entered Level 5 of the Dungeon
  3331 | D:5      | Reached skill level 5 in Evocations
  3337 | D:5      | Found Masazywn's Weapon Emporium.
  3431 | D:5      | Found Waewung's Distillery.
  3509 | D:5      | Bought a potion of heal wounds for 55 gold pieces
  3956 | D:5      | Slain by a centaur

Vault maps used:
D:1:      minmay_arrival_up_and_down
D:2:      kennysheep_generic_room_3
D:3:      nicolae_qazlal_general_emergency, marbit_many_paths,
          gammafunk_temple_overflow_elements
D:4:      serial_shops, nicolae_shop_statue_plus, nemelex_diamond_rough_becter
D:5:      led_xom_imps, kennysheep_mini, first_bread, serial_shops,
          nicolae_shop_statue_plus, nicolae_shop_crystal, nicolae_shop_trees,
          shop

Action                   |  1- 3 |  4- 6 || total
-------------------------+-------+-------++-------
Melee: Short sword       |    60 |    19 ||    79
       Rapier            |       |     8 ||     8
       Spear             |       |    87 ||    87
 Fire: Hunting sling     |    33 |       ||    33
Evoke: Wand              |     3 |    18 ||    21
  Use: Scroll            |     4 |     5 ||     9
       Potion            |       |     9 ||     9
 Stab: Sleeping          |     5 |    11 ||    16
  Eat: Chunk             |       |     8 ||     8
       Pizza             |       |     1 ||     1
